 Dungeon Crawl Stone Soup version 0.28.0-1-gb440e238dd (webtiles) character file.

Game seed: 6638864830048939387

11186 browni3141 the Impaler (level 11, 0/86 HPs)
             Began as a Merfolk Gladiator on Feb 19, 2022.
             Was a High Priest of Okawaru.
             Succumbed to a cane toad's poison
             ... on level 1 of the Lair of Beasts.
             The game lasted 00:30:39 (15217 turns).

browni3141 the Impaler (Merfolk Gladiator)         Turns: 15217, Time: 00:30:39

Health: 0/86       AC: 13    Str: 14    XL:     11   Next: 73%
Magic:  15/17      EV: 15    Int: 12    God:    Okawaru [*****.]
Gold:   724        SH:  0    Dex: 17    Spells: 10/10 levels left

rFire   + . .      SeeInvis .   G - +0 halberd (flame)
rCold   + + .      Faith    .   (shield currently unavailable)
rNeg    + . .      Spirit   .   F - +3 scale mail
rPois   .          Reflect  .   j - +1 helmet "Gutiycyfi" {Will+ rCorr Int+3 Dex-2}
rElec   .          Harm     .   M - scarf {rC+ rF+}
rCorr   +          Rampage  .   (no gloves)
Will    +....                   (no boots)
Stlth   ++........              (no amulet)
HPRegen 0.24/turn               C - ring of protection from cold
MPRegen 0.15/turn               N - ring of positive energy

@: lethally poisoned (0 -> -11), heroic
A: (nimble swimmer 2), mertail
a: Renounce Religion, Heroism, Finesse, Duel


You were on level 1 of the Lair of Beasts.
You worshipped Okawaru.
Okawaru was extremely pleased with you.
You visited 3 branches of the dungeon, and saw 13 of its levels.

You collected 724 gold pieces.


Innate Abilities, Weirdness & Mutations

((You are very nimble when in or above water. (Stealth+, EV+, Speed+++)))
Your lower body shifts to a powerful aquatic tail in water.


   Skills:
 + Level 8.1(13.1) Fighting
 + Level 15.3(20.3) Polearms
 - Level 2.0(7.0) Throwing
 - Level 3.0(8.0) Armour
 - Level 8.0(13.0) Dodging
 - Level 8.0(13.0) Shields
 - Level 8.0 Invocations
 - Level 3.0 Evocations


You had 10 spell levels left.
You didn't know any spells.
Your spell library contained the following spells:

 Spells                   Type           Power      Damage    Failure   Level
 Sandblast                Erth           0%         2d4       75%         1
 Shock                    Conj/Air       0%         1d3       75%         1
 Corpse Rot               Necr/Air       0%         N/A       86%         2
 Passwall                 Tmut/Erth      0%         N/A       86%         2
 Portal Projectile        Hex/Tloc       0%         N/A       98%         3
 Stone Arrow              Conj/Erth      0%         3d7       98%         3
 Swiftness                Air            0%         N/A       98%         3
 Airstrike                Air            0%         N/A       100%        4
 Dispel Undead            Necr           0%         3d6       100%        4
 Blade Hands              Tmut           0%         N/A       100%        5
 Excruciating Wounds      Necr           0%         N/A       100%        5
 Eringya's Noxious Bog    Tmut/Pois      0%         N/A       100%        6
 Summon Small Mammal      Summ           Unusable   N/A       N/A         1
 Summon Forest            Summ/Tloc      Unusable   N/A       N/A         5
 Death Channel            Necr           Unusable   N/A       N/A         6
 Summon Hydra             Summ           Unusable   N/A       N/A         7

Inventory:

Hand Weapons
 a - a +0 trident
 G - a +0 halberd of flaming (weapon)
Missiles
 e - 8 poisoned darts (quivered) {@f3}
 h - 5 boomerangs
 i - a throwing net
Armour
 b - a +0 leather armour
 c - a +0 helmet
 j - the +1 helmet "Gutiycyfi" (worn) {Will+ rCorr Int+3 Dex-2}
   (You took it off Robin on level 1 of the Dungeon)

   Int:       It affects your intelligence (+3).
   Dex:       It affects your dexterity (-2).
   rCorr:     It protects you from acid and corrosion.
   Will:      It increases your willpower.
 s - a +0 tower shield
 D - a +0 kite shield
 F - a +3 scale mail (worn)
 L - a +0 troll leather armour
 M - a scarf of resistance (worn)
Magical Staves
 K - a staff of death
Jewellery
 n - a ring of positive energy
 v - a ring of positive energy
 C - a ring of protection from cold (left hand)
 I - a +6 ring of intelligence
 N - a ring of positive energy (right hand)
 Z - a ring of wizardry
Wands
 t - a wand of flame (1)
 E - a wand of polymorph (12)
Scrolls
 d - 4 scrolls of teleportation {unknown}
 g - 2 scrolls of enchant armour {unknown}
 k - a scroll of fog {unknown}
 m - 2 scrolls of immolation {unknown}
 o - a scroll of magic mapping {unknown}
 p - 6 scrolls of identify {unknown}
 q - a scroll of summoning {unknown}
 y - 2 scrolls of enchant weapon {unknown}
 A - 2 scrolls of torment {unknown}
Potions
 f - 2 potions of mutation {unknown}
 l - 4 potions of haste {unknown}
 r - 3 potions of berserk rage {unknown}
 u - 2 potions of cancellation {unknown}
 w - 3 potions of flight {unknown}
 x - 2 potions of curing {unknown}
 z - a potion of heal wounds {@q2}
 B - 2 potions of lignification {unknown}
 H - 3 potions of degeneration {unknown}
 J - 2 potions of brilliance {unknown}
Miscellaneous
 O - a piece from Xom's chessboard (15/15)

Dungeon Overview and Level Annotations

Branches:
Dungeon (10/15)            Temple (1/1) D:4            Lair (2/6) D:10
  Swamp: Lair:2-4    Shoals: Lair:2-4     Snake: Lair:2-4    Spider: Lair:2-4
    Orc: D:9-12

Altars:
Ashenzari
Cheibriados
Dithmenos
Elyvilon
Fedhas
Gozag
Hepliaklqana
Kikubaaqudgha
Makhleb
Nemelex Xobeh
Okawaru
Qazlal
Ru
Sif Muna
Trog
Uskayaw
Vehumet
Wu Jian
Xom
Yredelemnul
Zin
The Shining One

Shops:
D:2 [   D:8 *=

Annotations:
D:5 exclusion: 3 doors

..# ####.......# ..##
#..........# ...# ###
#.........## ...###.##
##........# ....###.##
#........# ....# #..###
##......P# ..#.###....###
#.....###
..#..##.....P###....##
.....#........##@####
..##..#.............#########
..##...#.....>..............#
#P#...##.........#.#####....#
#####..#..........## ###.##
#.>.#........## ###
###...#.........#
###.......#.....###
.....###..##(..##


There were no monsters in sight!


Message History

You feel very sick. The cane toad closely misses you.
You hit the cane toad but do no damage.
The cane toad is moderately wounded.
You feel very sick. The cane toad stings you!
You hit the cane toad. You burn the cane toad.
The cane toad is heavily wounded.
You feel sick. The cane toad stings you!
* * * LOW HITPOINT WARNING * * *
You hit the cane toad but do no damage.
The cane toad is heavily wounded.
You feel sick.
You feel sick. The cane toad closely misses you. The cane toad stings you!
* * * LOW HITPOINT WARNING * * *
You are lethally poisoned!
The cane toad poisons you!
You see here a cane toad corpse.
* * * LOW HITPOINT WARNING * * *
You feel very sick.
* * * LOW HITPOINT WARNING * * *
You feel very sick.
Really walk into that teleport trap?
You enter a teleport trap!
The teleport trap disappears.
Your surroundings suddenly seem different.
* * * LOW HITPOINT WARNING * * *
You feel very sick.
There is a lethal amount of poison in your body!
You gain the combat prowess of a mighty hero.
You die...

Skill      XL: |  1  2  3  4  5  6  7  8  9 10 11 |
---------------+----------------------------------+-----
Polearms       | 5 6 7 8 9 10 12 14 15 | 15.3
Evocations     | 2 3 |  3.0
Fighting       | 3 5 6 8 |  8.1
Dodging        | 5 7 8 |  8.0
Shields        | 6 8 |  8.0
Invocations    | 7 8 |  8.0
Armour         | 3 |  3.0
Throwing       | |  2.0

Action                   |  1- 3 |  4- 6 |  7- 9 | 10-12 || total
-------------------------+-------+-------+-------+-------++-------
Melee: Trident           |    83 |   191 |   463 |       ||   737
       Punch             |       |     3 |     7 |       ||    10
       Halberd           |       |       |    15 |   435 ||   450
Throw: Throwing net      |     4 |     2 |     1 |       ||     7
       Dart              |     3 |     5 |    57 |    13 ||    78
       Boomerang         |       |       |     8 |       ||     8
Invok: Heroism           |       |       |     1 |     7 ||     8
       Finesse           |       |       |       |     2 ||     2
Evoke: Wand              |       |     5 |    10 |     5 ||    20
 Stab: Sleeping          |     1 |       |       |       ||     1
       Held in net/web   |     1 |       |       |       ||     1
       Paralysed         |       |       |       |    11 ||    11
Armor: Leather armour    |     5 |    41 |    10 |       ||    56
       Scale mail        |       |       |    82 |   103 ||   185
Dodge: Dodged            |    35 |    84 |   171 |   152 ||   442

Levels and vault maps discovered:
D:1:      sevenhm_arrival_forest_fort_large_2, layout_rooms
D:2:      minmay_chambers_of_ones, layout_loops_ring, serial_shops,
          nicolae_diamond_shop, uniq_robin
D:3:      layout_basic, shapermc_ecumenical_altar_rom_forum,
          grunt_decor_arrowhead
D:4:      layout_cave_pools, general_overflow_altar, minmay_temple_entry_ruins,
          uniq_duvessa
D:5:      layout_basic, grunt_tough_drop
D:6:      layout_basic, minmay_misc_feat_encased, minivault_4
D:7:      layout_basic, jmf_multi_god_temple2
D:8:      layout_basic, nicolae_gozag_zags_fifth_avenue,
          grunt_temple_overflow_open, amcnicky_altar_gilded,
          minmay_shop_enchanted_jewellery
D:9:      layout_basic
D:10:     layout_roguey, lair_entry_dummy
Temple:   jpeg_temple_alley_garden
Lair:1:   lemuel_ratsnest, layout_cave_pods
Lair:2:   layout_small_grid, beast_lair_carwin_9

Notes
Turn   | Place    | Note
-------+----------+-------------------------------------------
     0 | D:1      | browni3141 the Merfolk Gladiator began the quest for the
                  | Orb.
     0 | D:1      | Reached XP level 1. HP: 16/16 MP: 1/1
   198 | D:1      | Reached skill level 5 in Polearms
   205 | D:1      | Reached XP level 2. HP: 22/22 MP: 2/2
   969 | D:1      | Reached skill level 6 in Polearms
   969 | D:1      | Reached XP level 3. HP: 24/27 MP: 3/3
  1458 | D:1      | Reached skill level 7 in Polearms
  1458 | D:1      | Reached XP level 4. HP: 26/33 MP: 4/4
  1540 | D:2      | Identified the +1 helmet "Gutiycyfi" {Will+ rCorr Int+3
                  | Dex-2}
  1540 | D:2      | Noticed Robin
  1795 | D:1      | Killed Robin
  2288 | D:2      | Found Kytuurio's Armour Emporium.
  2402 | D:3      | Noticed a phantom
  2426 | D:3      | Reached skill level 8 in Polearms
  2542 | D:3      | Reached XP level 5. HP: 34/38 MP: 5/5
  3143 | D:3      | Reached skill level 9 in Polearms
  3458 | D:3      | Found a faded altar of an unknown god.
  3465 | D:3      | Got Plato's Tome of the Escort
  3667 | D:4      | Reached XP level 6. HP: 37/45 MP: 6/6
  3819 | D:4      | Reached skill level 1 in Evocations
  3885 | D:4      | Noticed Dowan
  3885 | D:4      | Noticed Duvessa
  3902 | D:4      | You fall into a shaft and drop 1 floor!
  3902 | D:5      | Entered Level 5 of the Dungeon
  3902 | D:5      | Noticed a sky beast
  3908 | D:5      | Killed a sky beast
  3909 | D:5      | Reached skill level 2 in Evocations
  3911 | D:5      | Reached XP level 7. HP: 50/51 MP: 7/7
  3916 | D:5      | Reached skill level 3 in Fighting
  3989 | D:5      | Reached skill level 10 in Polearms
  4051 | D:5      | Reached skill level 5 in Dodging
  4273 | D:5      | Reached skill level 3 in Evocations
  4532 | D:5      | Reached XP level 8. HP: 60/60 MP: 8/8
  4592 | D:5      | Reached skill level 11 in Polearms
  4808 | D:5      | Reached skill level 4 in Fighting
  5017 | D:4      | Killed Duvessa
  5018 | D:4      | Reached skill level 6 in Dodging
  5029 | D:4      | Killed Dowan
  5213 | D:4      | Found a staircase to the Ecumenical Temple.
  5462 | D:4      | Reached skill level 12 in Polearms
  5573 | D:4      | Found a snail-covered altar of Cheibriados.
  5729 | Temple   | Entered the Ecumenical Temple
  5964 | Temple   | Became a worshipper of Warmaster Okawaru
  6213 | D:5      | Noticed a kobold demonologist
  6231 | D:5      | Noticed a red devil
  6237 | D:5      | Killed a kobold demonologist
  6238 | D:5      | Reached skill level 5 in Fighting
  6238 | D:5      | Reached skill level 7 in Dodging
  6238 | D:5      | Reached XP level 9. HP: 42/68 MP: 9/9
  6462 | D:5      | Reached skill level 13 in Polearms
  6568 | D:5      | Reached * piety under Okawaru
  7487 | D:6      | Reached skill level 1 in Shields
  7539 | D:6      | Reached skill level 6 in Fighting
  7795 | D:7      | Reached skill level 8 in Dodging
  7795 | D:7      | Reached skill level 2 in Shields
  7907 | D:7      | Reached skill level 14 in Polearms
  7946 | D:7      | Reached ** piety under Okawaru
  8035 | D:7      | Reached skill level 3 in Shields
  8196 | D:7      | Found a large runed translucent door.
  8197 | D:7      | Found a large runed translucent door.
  8523 | D:7      | Reached skill level 4 in Shields
  8753 | D:7      | Found a sacrificial altar of Ru.
  8756 | D:7      | Found a shimmering blue altar of Sif Muna.
  8894 | D:8      | Reached skill level 5 in Shields
  8928 | D:8      | Noticed a hornet
  8930 | D:8      | Paralysed by a hornet for 2 turns
  8935 | D:8      | Killed a hornet
  8936 | D:8      | Reached skill level 6 in Shields
  8936 | D:8      | Reached XP level 10. HP: 52/76 MP: 7/10
  9231 | D:8      | Found an opulent altar of Gozag.
  9236 | D:8      | Found Gozag's Platinum Reserve.
  9256 | D:8      | Found a hazy altar of Hepliaklqana.
  9257 | D:8      | Identified a +1 robe of resistance
  9401 | D:8      | Found a radiant altar of Vehumet.
  9592 | D:8      | Found a broken altar of Ashenzari.
  9594 | D:8      | Found a stormy altar of Qazlal.
  9594 | D:8      | Found an ancient bone altar of Kikubaaqudgha.
  9594 | D:8      | Found a hide-covered altar of Uskayaw.
  9594 | D:8      | Found a blossoming altar of Fedhas.
  9595 | D:8      | Found a glowing golden altar of the Shining One.
  9670 | D:8      | Found Fuutwuy's Jewellery Boutique.
 10066 | D:9      | Reached skill level 7 in Shields
 10510 | D:9      | Reached skill level 8 in Shields
 10512 | D:9      | Reached *** piety under Okawaru
 10513 | D:9      | Reached skill level 2 in Invocations
 10528 | D:9      | Reached skill level 3 in Invocations
 10899 | D:9      | Reached skill level 4 in Invocations
 11102 | D:9      | Reached skill level 5 in Invocations
 11118 | D:9      | Reached **** piety under Okawaru
 11119 | D:9      | Reached skill level 6 in Invocations
 11610 | D:10     | Entered Level 10 of the Dungeon
 12069 | D:10     | Reached skill level 7 in Invocations
 12141 | D:10     | HP: 7/76 [something (23)]
 12492 | D:10     | Reached XP level 11. HP: 81/81 MP: 16/16
 12527 | D:10     | Reached skill level 8 in Invocations
 12629 | D:10     | Reached skill level 1 in Armour
 12667 | D:10     | Noticed a two-headed ogre
 12675 | D:10     | Killed a two-headed ogre
 12742 | D:10     | Found a staircase to the Lair.
 12918 | D:10     | Noticed a two-headed ogre
 12924 | D:10     | Killed a two-headed ogre
 12934 | D:10     | Reached skill level 2 in Armour
 12982 | D:10     | HP: 8/83 [something (7)]
 13364 | Lair:1   | Entered Level 1 of the Lair of Beasts
 13396 | Lair:1   | Reached skill level 7 in Fighting
 13812 | Lair:1   | Reached ***** piety under Okawaru
 14106 | Lair:1   | Identified a scarf of resistance
 14381 | Lair:1   | Reached skill level 15 in Polearms
 14381 | Lair:1   | Reached skill level 3 in Armour
 14833 | Lair:1   | Reached skill level 8 in Fighting
 15215 | Lair:1   | HP: 5/86 [poisoned by a cane toad]
 15217 | Lair:1   | Succumbed to a cane toad's poison

Vanquished Creatures
  2 two-headed ogres (D:10)
  2 cane toads (Lair:1)
  2 komodo dragons (Lair:1)
  A kobold demonologist (D:5)
  An unseen horror (D:10)
  4 blink frogs (Lair:1)
  A troll (D:9)
  A hornet (D:8)
  2 shadows (D:10)
  2 wraiths (D:10)
  3 wyverns
  12 yaks
  An acid dragon (D:10)
  6 water moccasins
  Duvessa (D:4)
  2 orc warriors
  2 sky beasts
  2 black bears
  4 ogres
  A centaur (D:10)
  3 kobold brigands
  3 bullfrogs
  A scorpion (D:5)
  A water moccasin zombie (D:6)
  Dowan (D:4)
  A howler monkey (D:5)
  An electric eel (D:6)
  3 centaur zombies
  3 bullfrog zombies
  3 jellies
  3 bullfrog skeletons
  3 hounds
  5 orc priests
  A gnoll shaman (D:8)
  2 centaur skeletons
  9 iguanas
  A scorpion zombie (D:5)
  7 orc wizards
  10 hell rats (Lair:1)
  3 howler monkey zombies
  Robin (D:1)
  7 gnolls
  8 river rats (Lair:1)
  9 adders
  2 white imps
  2 worms (D:5)
  3 dart slugs
  18 orcs
  11 endoplasms
  12 goblins
  8 hobgoblins
  3 jackals
  16 kobolds
  13 quokkas
  4 ball pythons
  7 bats
  5 frilled lizards
  12 rats
257 creatures vanquished.

Vanquished Creatures (others)
  2 fungi
  6 plants
8 creatures vanquished.

Grand Total: 265 creatures vanquished

Table legend: (Time is in decaauts)
 A = Elapsed time spent in this place.
 B = Non-inter-level travel time spent in this place.
 C = Inter-level travel time spent in this place.
 D = Time resting spent in this place.
 E = Time spent auto-exploring this place.
 F = Levels seen in this place.
 G = Mean time per level.
                   A        B        C        D        E       F      G
               +--------+--------+--------+--------+--------+-----+--------+
         Total |  14946 |  14401 |    545 |   2688 |   9062 |  13 | 1149.7 |
       Dungeon |  13085 |  12675 |    410 |   2251 |   8109 |  10 | 1308.5 |
        Temple |    268 |    182 |     86 |      0 |    170 |   1 |  268.0 |
          Lair |   1592 |   1543 |     49 |    436 |    783 |   2 |  796.0 |
               +--------+--------+--------+--------+--------+-----+--------+

Top non-repeatable levels by time:
    D:10: 1845 daAuts
     D:5: 1722 daAuts
  Lair:1: 1579 daAuts
     D:9: 1574 daAuts
     D:1: 1531 daAuts
     D:8: 1330 daAuts
     D:3: 1198 daAuts
     D:4: 1146 daAuts
     D:7: 988 daAuts
     D:2: 905 daAuts
     D:6: 842 daAuts
  Temple: 268 daAuts
  Lair:2: 12 daAuts

Table legend:
 A = Non-vault XP
 B = Vault XP
 C = Vault XP percentage of total XP
 D = Non-vault monster count
 E = Vault monster count
 F = Vault count percentage of total count
                 A         B        C        D         E       F
            +---------+---------+-------+---------+---------+-------
      Total |   13500 |    2480 |  15.5 |     194 |      63 |  24.5
            +---------+---------+-------+---------+---------+-------
        D:1 |      74 |      27 |  26.7 |      21 |       7 |  25.0
        D:2 |      32 |      23 |  41.8 |      17 |       7 |  29.2
        D:3 |     129 |       0 |   0.0 |      21 |       0 |   0.0
        D:4 |     454 |     214 |  32.0 |      14 |       2 |  12.5
        D:5 |    1264 |     531 |  29.6 |      22 |       6 |  21.4
        D:6 |     599 |       0 |   0.0 |      21 |       0 |   0.0
        D:7 |     610 |     293 |  32.4 |      19 |       2 |   9.5
        D:8 |    1375 |       0 |   0.0 |      17 |       0 |   0.0
        D:9 |    2609 |       0 |   0.0 |      17 |       0 |   0.0
       D:10 |    4018 |       0 |   0.0 |      15 |       0 |   0.0
     Lair:1 |    2336 |    1392 |  37.3 |      10 |      39 |  79.6
            +---------+---------+-------+---------+---------+-------
